 Dungeon Crawl Stone Soup version 0.29.0-10-g45618ea6d2 (webtiles) character file.

Game seed: 15052147823008045399

26 Flugkiller the Trooper (level 2, -4/27 HPs)
             Began as a Minotaur Fighter on Sept 1, 2022.
             Slain by an orc
             ... wielding a +0 flail
              (8 damage)
             ... on level 3 of the Dungeon.
             The game lasted 00:00:27 (1175 turns).

Flugkiller the Trooper (Minotaur Fighter)           Turns: 1175, Time: 00:00:28

Health: -4/27      AC:  7    Str: 20    XL:     2   Next: 89%
Magic:  1/1        EV:  9    Int:  5    God:
Gold:   147        SH:  4    Dex:  9    Spells: 1/1 levels left

rFire   . . .      SeeInvis .   a - +0 war axe
rCold   . . .      Faith    .   c - +0 buckler
rNeg    . . .      Spirit   .   b - +0 scale mail
rPois   .          Reflect  .   (helmet restricted)
rElec   .          Harm     .   (no cloak)
rCorr   .          Rampage  .   (no gloves)
Will    .....                   (no boots)
Stlth   ..........              (no amulet)
HPRegen 0.09/turn               (no ring)
MPRegen 0.07/turn               (no ring)

@: no status effects
A: horns 2, retaliatory headbutt
a: no special abilities


You were on level 3 of the Dungeon.
You visited 1 branch of the dungeon, and saw 3 of its levels.

You collected 147 gold pieces.

Inventory:

Hand Weapons
 a - a +0 war axe (weapon)
Armour
 b - a +0 scale mail (worn)
 c - a +0 buckler (worn)
Scrolls
 f - 2 scrolls of poison {unknown}
 j - a scroll of magic mapping {unknown}
 l - a scroll of immolation {unknown}
 m - 2 scrolls of identify {unknown}
 o - a scroll of noise {unknown}
Potions
 d - a potion of might
 e - 2 potions of mutation {unknown}
 g - 2 potions of haste {unknown}
 h - a potion of ambrosia {unknown}
 i - a potion of cancellation {unknown}
 k - 3 potions of curing {unknown}
 n - 3 potions of flight {unknown}
 p - a potion of attraction {unknown}


   Skills:
 + Level 4.0 Fighting
 * Level 3.4 Axes
 + Level 4.0 Armour
 - Level 3.6 Shields


You had one spell level left.
You didn't know any spells.
Your spell library was empty.

Dungeon Overview and Level Annotations

Branches:
Dungeon (2/15)

Altars:
Makhleb
Zin


Innate Abilities, Weirdness & Mutations

You have a pair of horns on your head.
You reflexively headbutt those who attack you in melee.


Message History

There is an open door here.
A sourceless malevolence fills the Dungeon...
You fall into a shaft and drop 1 floor!
The shaft crumbles and collapses.
Found 5 gold pieces.
Found a Young Poisoner's Handbook.
You now have 144 gold pieces (gained 5).
Found 4 stones.
A quokka comes into view.
You closely miss the quokka. The quokka completely misses you.
You furiously retaliate!
You headbutt the quokka, but do no damage.
You hit the quokka.
The quokka is moderately wounded.
The quokka bites you but does no damage.
You block the quokka's attack.
You miss the quokka.
The quokka is moderately wounded.
The quokka bites you. The quokka barely misses you.
You barely miss the quokka. Your headbutt misses the quokka.
The quokka is moderately wounded.
The quokka bites you but does no damage.
You hit the quokka. You headbutt the quokka.
You kill the quokka!
Your Fighting skill increases to level 4!
Your Armour skill increases to level 4!
No target in view!
HP restored.
Things that are here:
4 stones; a quokka corpse
Found a stone staircase leading down.
You now have 147 gold pieces (gained 3).
Found 4 stones.
A kobold comes into view. It is wielding a +2 whip of flaming.
The kobold shouts!
The kobold barely misses you.
You miss the kobold. You headbutt the kobold.
You kill the kobold!
No target in view!
No target in view!
No target in view!
No target in view!
No target in view!
You see here a +2 whip of flaming.
Found a stone staircase leading down.
A goblin comes into view. It is wielding a +0 club.
The goblin shouts!
The goblin moves out of view.
No target in view!
No target in view!
No target in view!
No target in view!
No target in view!
No target in view!
A goblin is nearby!
A goblin is nearby!
The goblin hits you with a +0 club.
You hit the goblin.
You kill the goblin!
No target in view!
No target in view!
No target in view!
No target in view!
No target in view!
Found 7 stones.
An endoplasm comes into view.
The endoplasm quivers.
An endoplasm is nearby!
The endoplasm hits you but does no damage.
You slash the endoplasm!
You kill the endoplasm!
No target in view!
No target in view!
No target in view!
No target in view!
Found a burning altar of Makhleb.
An orc priest comes into view. It is wielding a +0 war axe.
The orc priest shouts!
You hear a shout!
The orc priest begins to cast a cantrip, but forgets the words!
An orc priest comes into view. It is wielding a +0 flail.
There are monsters nearby!
An orc comes into view. It is wielding a +0 flail.
The orc shouts!
A jelly comes into view.
The orc priest casts a cantrip, but nothing happens.
An orc comes into view. It is wielding a +0 war axe.
Found a dagger.
The jelly quivers.
The orc shouts!
The orc priest calls down the wrath of Beogh upon you.
Beogh smites you!
You slash the jelly!
Your hands burn!
You headbutt the jelly.
The jelly is almost dead.
The orc priest looks satisfied for a moment.
The jelly hits you but does no damage.
The orc priest calls down the wrath of Beogh upon you.
Beogh smites you!
* * * LOW HITPOINT WARNING * * *
The orc hits you with a +0 flail!
You die...

##........#..........#
... .
#.......(#....._....#
......
#........#..........#
###
#........#..........#
#........#..........#
#........#..........#
###......#..........###
######........
#@....... #Jo......
.oo...... #.###
.o........ #....
........... ...###
............
.....###...). ......
.####


You could see a jelly, 2 orc priests and 2 orcs.

Vanquished Creatures
  A dart slug (D:2)
  3 endoplasms
  6 goblins
  A hobgoblin (D:2)
  3 quokkas
  A ball python (D:1)
  3 bats (D:2)
  A frilled lizard (D:1)
  2 kobolds
  A rat (D:1)
22 creatures vanquished.

Vanquished Creatures (others)
  2 plants (D:1)
2 creatures vanquished.

Grand Total: 24 creatures vanquished

Notes
Turn   | Place    | Note
-------+----------+-------------------------------------------
     0 | D:1      | Flugkiller the Minotaur Fighter began the quest for the
                  | Orb.
     0 | D:1      | Reached XP level 1. HP: 19/19 MP: 0/0
   534 | D:1      | Reached XP level 2. HP: 27/27 MP: 1/1
   756 | D:2      | Found a faded altar of an unknown god.
   902 | D:2      | Found a glowing silver altar of Zin.
   963 | D:2      | You fall into a shaft and drop 1 floor!
  1164 | D:3      | Found a burning altar of Makhleb.
  1175 | D:3      | Slain by an orc

Illustrated notes

Levels and vault maps discovered:
D:1:      eino_arrival_cavern_b, layout_loops_ring, serial_bayou,
          serial_bayou_lagoon_a, serial_bayou_pond_a, serial_bayou_shore_a,
          serial_bayou_pond_c, corexii_hall_statues_t
D:2:      minmay_chambers_of_twos, layout_basic,
          dreamdust_ecumenical_altar_angels_and_demons, basic_altar
D:3:      layout_basic, overflow_temple_1_default

Skill      XL: |  1  2 |
---------------+-------+-----
Axes           | 3 |  3.4
Fighting       | 4 |  4.0
Armour         | 4 |  4.0
Shields        | |  3.6

Action                   || total
-------------------------++-------
Melee: War axe           ||    42
       Headbutt          ||    11
Armor: Scale mail        ||    19
Dodge: Dodged            ||    21
Block: Buckler           ||     5
